 Dungeon Crawl Stone Soup version 0.20-a0-350-ga83eecc (webtiles) character file.

36 snakesoul the Firebug (level 3, -2/19 HPs)
             Began as a Deep Elf Fire Elementalist on Dec 24, 2016.
             Slain by Sigmund
             ... wielding a +0 scythe
              (9 damage)
             ... on level 2 of the Dungeon.
             The game lasted 00:02:18 (958 turns).

snakesoul the Firebug (Deep Elf Fire Elementalist)   Turns: 958, Time: 00:02:19

Health: -2/19      AC:  3    Str:  5    XL:     3   Next: 19%
Magic:  0/10       EV: 13    Int: 20    God:
Gold:   20         SH:  0    Dex: 15    Spells: 5/9 levels left

rFire  . . .     SeeInvis .     d - +0 spear
rCold  . . .     Gourm    .     a - +0 robe
rNeg   . . .     Faith    .     (no shield)
rPois  .         Spirit   .     g - +0 helmet
rElec  .         Reflect  .     (no cloak)
rCorr  .         Harm     .     (no gloves)
MR     .....                    (no boots)
Stlth  ++........               (no amulet)
                                (no ring)
                                (no ring)

@: no status effects
A: no striking features
a: no special abilities


You were on level 2 of the Dungeon.
You were not hungry.

You visited 1 branch of the dungeon, and saw 2 of its levels.

You collected 20 gold pieces.

Inventory:

Hand Weapons
 d - a +0 spear (weapon)
Armour
 a - a +0 robe (worn)
 g - a +0 helmet (worn)
Jewellery
 j - an uncursed ring of see invisible {unknown}
Scrolls
 f - a scroll of enchant armour {unknown}
 h - a scroll of identify {unknown}
 i - a scroll of teleportation {unknown}
 m - a scroll of enchant weapon {unknown}
Potions
 e - 2 potions of mutation {unknown}
 l - a potion of curing {unknown}
 n - a potion of agility {unknown}
Books
 b - a book of Flames

   Spells                             Type                      Level
   a - Flame Tongue                   Conjuration/Fire             1
   b - Throw Flame                    Conjuration/Fire             2
   c - Conjure Flame                  Conjuration/Fire             3
   d - Inner Flame                    Hexes/Fire                   3
   e - Sticky Flame                   Conjuration/Fire             4
   f - Fireball                       Conjuration/Fire             5
Comestibles
 c - 2 bread rations
 k - 2 chunks of flesh


   Skills:
 - Level 2.4 Dodging
 - Level 2.4 Stealth
 + Level 3.5 Spellcasting
 * Level 2.5 Conjurations
 + Level 3.8 Fire Magic


You had 5 spell levels left.
You knew the following spells:

 Your Spells              Type           Power        Failure   Level  Hunger
a - Flame Tongue          Conj/Fire      ###..        3%          1    None
b - Conjure Flame         Conj/Fire      ###.....     12%         3    ###....


Dungeon Overview and Level Annotations

Branches:
Dungeon (2/15)

Altars:

Annotations:
D:2 1 runed door, Sigmund


Message History

Aim: Sigmund, wielding a scythe and wearing a runed robe (heavily wounded)
The flame tongue hits Sigmund.
Sigmund resists.
Sigmund is heavily wounded.
Casting: Flame Tongue
Confirm with . or Enter, or press ? or * to list all spells.
Aiming: Flame Tongue
Press: ? - help, Shift-Dir - straight line, f/p - Sigmund
Aim: Sigmund, wielding a scythe and wearing a runed robe (heavily wounded)
The flame tongue hits Sigmund.
Sigmund resists.
Sigmund is severely wounded.
Sigmund hits you from afar with a scythe.
Casting: Flame Tongue
Confirm with . or Enter, or press ? or * to list all spells.
Aiming: Flame Tongue
Press: ? - help, Shift-Dir - straight line, f/p - Sigmund
Aim: Sigmund, wielding a scythe and wearing a runed robe (severely wounded)
The flame tongue hits Sigmund.
Sigmund completely resists.
Sigmund is severely wounded.
Sigmund hits you from afar with a scythe!
You die...

#....# #.# #...##
#.# ##.## ###.#
#.# #...#
#.####.### #
###.......####
#.##.......#....#
#(...........##.#
####@####.#.## #
#ยง# ##.#.###
#@###......#
#.##.....#.#
#.#........#
...........#
#.#........#
#.)..<......
###....#..##


You could see Sigmund.

Vanquished Creatures
  An ooze (D:1)
  A dart slug (D:1)
  A giant cockroach (D:1)
  4 goblins
  3 hobgoblins (D:1)
  3 jackals (D:1)
  A ball python (D:1)
  4 bats (D:1)
  5 frilled lizards
  3 kobolds (D:1)
  3 rats (D:1)
29 creatures vanquished.

Notes
Turn   | Place    | Note
-------+----------+-------------------------------------------
     0 | D:1      | snakesoul the Deep Elf Fire Elementalist began the quest for the Orb.
     0 | D:1      | Reached XP level 1. HP: 10/10 MP: 6/6
   285 | D:1      | Reached XP level 2. HP: 15/15 MP: 6/8
   695 | D:1      | Reached XP level 3. HP: 19/19 MP: 8/10
   711 | D:1      | Learned a level 3 spell: Conjure Flame
   924 | D:2      | Found a runed door.
   947 | D:2      | Noticed Sigmund
   958 | D:2      | Slain by Sigmund

Vault maps used:
D:1:      lemuel_arrival_hallway, st_stairs_10, minmay_tetromino_s2
D:2:      marbit_many_paths, uniq_crazy_yiuf_cottage, uniq_sigmund

Skill      XL: |  1  2 |
---------------+-------+-----
Conjurations   | 2 |  2.5
Dodging        | |  2.4
Stealth        | |  2.4
Spellcasting   | |  3.5
Fire Magic     | |  3.8

Action                   || total
-------------------------++-------
Melee: Spear             ||    30
 Cast: Flame Tongue      ||    40
       Conjure Flame     ||     1
Armor: Robe              ||     9
Dodge: Dodged            ||    33
